 Dungeon Crawl Stone Soup version 0.22-a0-443-g17c3723 (webtiles) character file.

77 Gorglomux the Chopper (level 4, -1/28 HPs)
             Began as a Gargoyle Berserker on June 1, 2018.
             Was a Believer of Trog.
             Slain by an orc
             ... wielding a +0 flail
              (5 damage)
             ... on level 3 of the Dungeon.
             The game lasted 00:00:54 (966 turns).

Gorglomux the Chopper (Gargoyle Berserker)           Turns: 966, Time: 00:00:55

Health: -1/28      AC:  6    Str: 21    XL:     4   Next: 33%
Magic:  4/4        EV: 12    Int:  8    God:    Trog [**....]
Gold:   29         SH:  0    Dex:  9    Spells: 3/3 levels left

rFire    . . .     SeeInvis .   a - +0 hand axe
rCold    . . .     Gourm    .   (no shield)
rNeg     + . .     Faith    .   b - +0 animal skin
rPois    ∞         Spirit   .   (no helmet)
rElec    +         Reflect  .   (no cloak)
rCorr    .         Harm     .   (no gloves)
MR       .....                  i - +0 pair of boots
Stlth    +.........             (no amulet)
HPRegen  0.09/turn              (no ring)
MPRegen  0.09/turn              (no ring)

@: no status effects
A: negative energy resistance 1, electricity resistance, unbreathing,
petrification resistance, rot immunity, AC +3
a: Berserk, Trog's Hand, Renounce Religion


You were on level 3 of the Dungeon.
You worshipped Trog.
Trog was pleased with you.
You were hungry.

You visited 1 branch of the dungeon, and saw 3 of its levels.

You collected 29 gold pieces.

Inventory:

Hand Weapons
 a - a +0 hand axe (weapon)
Armour
 b - a +0 animal skin (worn)
 i - a +0 pair of boots (worn)
Scrolls
 g - a scroll of enchant armour {unknown}
 h - 3 scrolls of blinking {unknown}
Potions
 e - a potion of ambrosia {unknown}
 f - a potion of heal wounds {unknown}
Comestibles
 c - a ration


   Skills:
 - Level 3.2 Fighting
 + Level 4.5 Axes
 - Level 2.1 Armour
 - Level 1.5 Dodging


You had 3 spell levels left.
You didn't know any spells.
Your spell library was empty.

Dungeon Overview and Level Annotations

Branches:
Dungeon (3/15)

Altars:
The Shining One


Innate Abilities, Weirdness & Mutations

You are resistant to torment.
Your stone body is resilient. (AC +3)
You are immune to poison.
You resist negative energy. (rN+)
You are resistant to electric shocks. (rElec)
You can survive without breathing.
You are immune to petrification.
You are immune to rotting.


Message History

The orc barely misses you!
You carve the orc like a ham!
The orc is heavily wounded!
The orc zaps a wand!
The puff of flame hits you!!! * * * don't die
* * * An orc is nearby!!!
Unknown command!
You are too injured to fight recklessly!!!
An orc is nearby!!!
Unknown command!
An orc is nearby!!!
Unknown command!
Butt are too butt to fight recklessly!!!
An orc is nearby!!!
You are too injured to fight recklessly!!!
You are feeling hungry!
You barely miss the orc!
The orc is heavily wounded!
The orc hits you with a butt! rip

######.......)..#
.....#..........#
.....#..........#
.......)....<.##
..............## .
....#..).......# ..#
#####..........#
....##..)...........#
#....).........@...###.
##.##)..........o......
..................#....
...#..............#.....#
. ..............##......#
.#.##..................#
.................#......
.# .#..................
..................


You could see an orc.

Vanquished Creatures
  An adder (D:3)
  2 oozes (D:1)
  3 worms (D:3)
  2 leopard geckos (D:3)
  4 orcs (D:3)
  2 bats (D:1)
  2 giant cockroaches
  7 goblins
  5 hobgoblins
  4 kobolds
  2 quokkas
  2 frilled lizards
  5 rats
41 creatures vanquished.

Notes
Turn   | Place    | Note
-------+----------+-------------------------------------------
     0 | D:1      | Gorglomux the Gargoyle Berserker began the quest for the Orb.
     0 | D:1      | Reached XP level 1. HP: 14/14 MP: 1/1
    67 | D:1      | Reached skill level 3 in Axes
    71 | D:1      | Reached XP level 2. HP: 8/19 MP: 2/2
   332 | D:1      | Found a glowing golden altar of the Shining One.
   486 | D:1      | Reached XP level 3. HP: 21/23 MP: 3/3
   690 | D:2      | Reached skill level 4 in Axes
   765 | D:3      | Reached ** piety under Trog
   862 | D:3      | Reached XP level 4. HP: 28/28 MP: 4/4
   966 | D:3      | Slain by an orc

Vault maps used:
D:1:      scummos_arrival_simple_fountains, serial_forest,
          infiniplex_forest_clump_tiny, infiniplex_forest_straight_5,
          infiniplex_forest_end_3, infiniplex_forest_clump_medium,
          infiniplex_forest_straight_1, tso_metal_star
D:2:      uniq_crazy_yiuf_cottage
D:3:      overflow_temple_1_default, led_sif_pool

Skill      XL: |  1  2  3 |
---------------+----------+-----
Axes           | 3 4 |  4.5
Fighting       | |  3.2
Armour         | |  2.1
Dodging        | |  1.5

Action                   |  1- 3 |  4- 6 || total
-------------------------+-------+-------++-------
Melee: Hand axe          |    98 |    18 ||   116
Invok: Berserk           |     1 |     1 ||     2
 Stab: Sleeping          |     1 |       ||     1
  Eat: Chunk             |       |     2 ||     2
Armor: Animal skin       |    32 |     3 ||    35
Dodge: Dodged            |    60 |     8 ||    68

Table legend:
 A = Spawn XP
 B = Non-spawn XP
 C = Spawn XP percentage of total XP
 D = Spawn monster count
 E = Non-spawn monster count
 F = Spawn count percentage of total count
 G = Total turns spent on level
                    A         B        C        D         E        F      G
               +---------+---------+-------+---------+---------+-------+---------
         Total |       0 |     110 |   0.0 |       0 |      41 |   0.0 |   966
               +---------+---------+-------+---------+---------+-------+---------
           D:1 |       0 |      46 |   0.0 |       0 |      20 |   0.0 |   632
           D:2 |       0 |      11 |   0.0 |       0 |       7 |   0.0 |   117
           D:3 |       0 |      53 |   0.0 |       0 |      14 |   0.0 |   217
               +---------+---------+-------+---------+---------+-------+---------
